 Dungeon Crawl Stone Soup version 0.31-a0-234-gad7ace16ef (webtiles) character file.

Game seed: 5915138721513285510

744 qw the Skirmisher (level 7, -3/59 HPs)
             Began as a Minotaur Hexslinger on July 9, 2023.
             Was an Initiate of Okawaru.
             Slain by an ufetubus (4 damage)
             ... on level 5 of the Dungeon.
             The game lasted 00:01:58 (5756 turns).

qw the Skirmisher (Minotaur Hexslinger)             Turns: 5756, Time: 00:01:59

Health: -3/59      AC:  5    Str: 12    XL:     7   Next: 47%
Magic:  7/7        EV:  2    Int: 10    God:    Okawaru [......]
Gold:   248        SH:  0    Dex: 21    Spells: 7/8 levels left

rFire   . . .        g - +3 shortbow of Clean Cruel Justice {drain, rPois}
rCold   . . .        (shield currently unavailable)
rNeg    . . .        e - +0 ring mail
rPois   +            (helmet restricted)
rElec   .            (no cloak)
rCorr   .            (no gloves)
SInv    .            (no boots)
Will    .....        (no amulet)
Stlth   +            a - +6 ring of dexterity
HPRegen 0.29/turn    (no ring)
MPRegen 0.10/turn

%: no passive effects
@: about to teleport, sleeping
A: horns 2, retaliatory headbutt
a: Renounce Religion


You were on level 5 of the Dungeon.
You worshipped Okawaru.
Okawaru was noncommittal.
You visited 2 branches of the dungeon, and saw 7 of its levels.

You collected 248 gold pieces.


Innate Abilities, Weirdness & Mutations

You have a pair of horns on your head.
You reflexively headbutt those who attack you in melee.


   Skills:
 + Level 4.0 Fighting
 - Level 8.0 Ranged Weapons
 - Level 1.2 Armour
 - Level 3.4 Dodging
 - Level 1.0 Spellcasting
 - Level 2.0 Hexes


You had 7 spell levels left.
You knew the following spells:

 Your Spells              Type           Power      Damage    Failure   Level
a - Slow                  Hex            16%        N/A       34%         1

Your spell library contained the following spells:

 Spells                   Type           Power      Damage    Failure   Level
 Inner Flame              Hex/Fire       2%         N/A       83%         3
 Portal Projectile        Hex/Tloc       4%         N/A       83%         3
 Cause Fear               Hex            2%         N/A       98%         4

Inventory:

Hand Weapons
 g - the +3 shortbow of Clean Cruel Justice (weapon) {drain, rPois}
   (You found it on level 2 of the Dungeon)

   rPois:     It protects you from poison.
Armour
 e - a +0 ring mail (worn)
Jewellery
 a - a +6 ring of dexterity (left hand)
 m - a ring of poison resistance
Scrolls
 h - a scroll of identify
 l - a scroll of teleportation
 n - a scroll of enchant weapon
Potions
 b - 2 potions of curing
 c - a potion of might
 d - a potion of heal wounds
 i - a potion of haste
 j - a potion of enlightenment
 k - a potion of lignification {unknown}
 p - a potion of attraction {unknown}

Dungeon Overview and Level Annotations

Branches:
Dungeon (6/15)             Temple (1/1) D:5

Altars:
Ashenzari
Dithmenos
Fedhas
Gozag
Hepliaklqana
Kikubaaqudgha
Makhleb
Nemelex Xobeh
Okawaru
Sif Muna
Trog
Uskayaw
Zin
The Shining One

Annotations:
D:2 exclusion: 4 gnolls
D:3 1 runed translucent door, Crazy Yiuf


Message History

The orc priest hits you with a +2 dagger of pain!
You wake up.
The ufetubus closely misses you. x2
5750 ||| STAIRDANCE The ufetubus completely misses you.
The ufetubus hits you but does no damage.
The orc priest misses you. You furiously retaliate!
You headbutt the orc priest. The sleepcap releases spores at you.
The ufetubus completely misses you. The ufetubus hits you.
You climb upwards.
There is a stone staircase leading down here.
You shoot an arrow. The arrow hits the sleepcap!
The sleepcap is moderately damaged.
The sleepcap releases spores at you but does no damage.
The ufetubus misses you. The ufetubus hits you.
You shoot an arrow. The arrow hits the sleepcap!
You drain the sleepcap.
The sleepcap is almost destroyed.
The ufetubus hits you but does no damage.
The ufetubus closely misses you. The sleepcap barely misses you.
The ufetubus hits you but does no damage.
The ufetubus completely misses you.
You shoot an arrow. The arrow hits the sleepcap.
The sleepcap is almost destroyed.
The ufetubus hits you. The ufetubus misses you. The sleepcap barely misses you.
The orc priest invokes the aid of Beogh against you.
Beogh smites you! The ufetubus hits you. The ufetubus closely misses you.
The sleepcap releases spores at you but does no damage.
The orc priest mumbles some strange prayers to Beogh against you.
Beogh smites you!
5755 ||| READING 2 scrolls of teleportation.
As you read the scroll of teleportation, it crumbles to dust.
You feel strangely unstable. The ufetubus barely misses you.
You furiously retaliate!
You headbutt the ufetubus.
The ufetubus hits you but does no damage.
The sleepcap releases spores at you.
You are engulfed in a cloud of soporific spores!
You fall asleep.
The ufetubus hits you but does no damage. x2
The ufetubus hits you.
You die...

##.#..#.###.............#######.#
......#.#..................#....#
#####.....####..........##.#.##.#
##.#.## #############.#.####
#...# #.#.### ##.## #.....# #..#
#########.#.#
######.#############.........#.#
..............<5@fo.......#..#.#
####################....#.#..#.#
#######.#.####.# #.....#.#.# #.#
#.###.#.#.# #.# #.......#.# #.#
#########!# #.## #......# #...
######## ####


You could see a sleepcap (very drained), an orc priest and an ufetubus.

Vanquished Creatures
  A water moccasin (D:5)
  An ogre (D:5)
  A phantom (D:5)
  A kobold brigand (D:4)
  3 hounds
  3 orc priests
  A sleepcap (D:4)
  2 orc wizards
  3 gnolls
  4 adders
  A white imp (D:5)
  A dart slug (D:1)
  11 orcs
  3 bats
  6 endoplasms
  2 giant cockroaches
  5 goblins
  7 hobgoblins
  4 jackals (D:1)
  7 kobolds
  6 quokkas
  5 ball pythons
  8 frilled lizards
  4 rats
90 creatures vanquished.

Notes
Turn   | Place    | Note
-------+----------+-------------------------------------------
     0 | D:1      | qw the Minotaur Hexslinger began the quest for the Orb.
     0 | D:1      | Reached XP level 1. HP: 16/16 MP: 1/1
     0 | D:1      | 0 ||| qw: Version: 0.3-a-51-g015441d
     0 | D:1      | 0 ||| qw: Game counter: 4189
     0 | D:1      | 0 ||| qw: Melee chars always use a shield: true
     0 | D:1      | 0 ||| qw: God list: Okawaru
     0 | D:1      | 0 ||| qw: Allow faded altars: false
     0 | D:1      | 0 ||| qw: Do Orc after clearing Dungeon:15 true
     0 | D:1      | 0 ||| qw: Do second Lair branch before Depths: true
     0 | D:1      | 0 ||| qw: Lair rune preference: random
     0 | D:1      | 0 ||| qw: Goals: Normal
     0 | D:1      | 0 ||| PLANNING D:1-11
    85 | D:1      | Reached skill level 3 in Ranged Weapons
    90 | D:1      | Reached XP level 2. HP: 23/23 MP: 2/2
   162 | D:1      | 162 ||| FLEEEEING.
   163 | D:1      | 163 ||| FLEEEEING.
   298 | D:1      | Found a faded altar of an unknown god.
   403 | D:1      | Reached XP level 3. HP: 29/29 MP: 3/3
   731 | D:1      | 731 ||| UPGRADING to +0 ring mail.
   741 | D:1      | 741 ||| DROPPING +0 robe.
   742 | D:1      | 742 ||| READING scroll labelled COSUFI USILAOC.
   747 | D:1      | 747 ||| READING scroll labelled ZOZYH WUOHORA.
   748 | D:1      | 748 ||| READING scroll labelled HIC AMAGOUN.
   802 | D:1      | 802 ||| DROPPING scroll of poison.
   853 | D:2      | 853 ||| STAIRDANCE
   948 | D:2      | 948 ||| STAIRDANCE
   952 | D:1      | Reached skill level 4 in Ranged Weapons
  1041 | D:2      | 1041 ||| STAIRDANCE
  1069 | D:2      | HP: 3/29 [gnoll/+1 heavy spear (11)]
  1071 | D:2      | 1071 ||| STAIRDANCE
  1232 | D:2      | 1232 ||| UPGRADING to +6 ring of dexterity.
  1235 | D:2      | 1235 ||| READING scroll labelled JEQAUCKAHA.
  1244 | D:2      | Reached skill level 1 in Armour
  1746 | D:2      | Reached XP level 4. HP: 36/36 MP: 4/4
  1870 | D:2      | Identified the +3 shortbow of Clean Cruel Justice {drain,
                  | rPois}
  1872 | D:2      | 1872 ||| SWAPPING to +3 shortbow of Clean Cruel Justice
                  | {drain, rPois}.
  1873 | D:2      | 1873 ||| DROPPING +2 sling.
  2127 | D:2      | 2127 ||| READING scroll labelled ZIWUNU MASSAT.
  2128 | D:2      | 2128 ||| READING scroll labelled SUOLINT OWYZUT.
  2129 | D:2      | 2129 ||| DRINKING 2 puce potions.
  2241 | D:3      | Found a runed translucent door.
  2242 | D:3      | Noticed Crazy Yiuf
  2518 | D:3      | Reached skill level 5 in Ranged Weapons
  2630 | D:3      | Found a bloodstained altar of Trog.
  2934 | D:3      | 2934 ||| DROPPING ring of flight.
  2935 | D:3      | 2935 ||| DRINKING 2 purple potions.
  2936 | D:3      | 2936 ||| DRINKING 2 ruby potions.
  3029 | D:4      | Reached skill level 3 in Fighting
  3029 | D:4      | Reached XP level 5. HP: 45/45 MP: 5/5
  3243 | D:4      | Found a shimmering blue altar of Sif Muna.
  3278 | D:4      | Found a blossoming altar of Fedhas.
  3404 | D:4      | Reached skill level 6 in Ranged Weapons
  3404 | D:4      | Reached XP level 6. HP: 51/51 MP: 6/6
  3594 | D:4      | 3594 ||| READING 2 scrolls of identify.
  3594 | D:4      | 3594 ||| IDENTIFYING red potion
  3630 | D:5      | Entered Level 5 of the Dungeon
  3656 | D:5      | Found a broken altar of Ashenzari.
  3754 | D:5      | Found an opulent altar of Gozag.
  3787 | D:5      | Noticed a water moccasin
  3788 | D:5      | Reached skill level 7 in Ranged Weapons
  3788 | D:5      | Reached XP level 7. HP: 59/59 MP: 7/7
  3795 | D:5      | Reached skill level 3 in Dodging
  3905 | D:5      | Found a staircase to the Ecumenical Temple.
  3906 | D:5      | 3906 ||| PLANNING TEMPLE
  3906 | D:5      | 3906 ||| FLEEEEING.
  3907 | D:5      | 3907 ||| FLEEEEING.
  3908 | D:5      | 3908 ||| FLEEEEING.
  3910 | D:5      | 3910 ||| FLEEEEING.
  3911 | D:5      | 3911 ||| FLEEEEING.
  3912 | D:5      | 3912 ||| FLEEEEING.
  3913 | D:5      | 3913 ||| FLEEEEING.
  3914 | D:5      | 3914 ||| FLEEEEING.
  3915 | D:5      | 3915 ||| FLEEEEING.
  3916 | D:5      | 3916 ||| FLEEEEING.
  3917 | D:5      | 3917 ||| FLEEEEING.
  3918 | D:5      | 3918 ||| FLEEEEING.
  3919 | D:5      | 3919 ||| FLEEEEING.
  3920 | D:5      | 3920 ||| FLEEEEING.
  3921 | D:5      | 3921 ||| FLEEEEING.
  3922 | D:5      | 3922 ||| FLEEEEING.
  3923 | D:5      | 3923 ||| FLEEEEING.
  3925 | D:5      | 3925 ||| FLEEEEING.
  3926 | D:5      | 3926 ||| FLEEEEING.
  3988 | D:5      | 3988 ||| FLEEEEING.
  3989 | D:5      | 3989 ||| FLEEEEING.
  3990 | D:5      | 3990 ||| FLEEEEING.
  3991 | D:5      | 3991 ||| FLEEEEING.
  3992 | D:5      | 3992 ||| FLEEEEING.
  3993 | D:5      | 3993 ||| FLEEEEING.
  3994 | D:5      | 3994 ||| FLEEEEING.
  3995 | D:5      | 3995 ||| FLEEEEING.
  3996 | D:5      | 3996 ||| FLEEEEING.
  3997 | D:5      | 3997 ||| FLEEEEING.
  3998 | D:5      | 3998 ||| FLEEEEING.
  3999 | D:5      | 3999 ||| FLEEEEING.
  4000 | D:5      | 4000 ||| FLEEEEING.
  4001 | D:5      | 4001 ||| FLEEEEING.
  4002 | D:5      | 4002 ||| FLEEEEING.
  4003 | D:5      | 4003 ||| FLEEEEING.
  4006 | D:5      | 4006 ||| FLEEEEING.
  4007 | D:5      | 4007 ||| FLEEEEING.
  4008 | D:5      | 4008 ||| FLEEEEING.
  4009 | D:5      | 4009 ||| FLEEEEING.
  4014 | D:5      | 4014 ||| FLEEEEING.
  4015 | D:5      | 4015 ||| FLEEEEING.
  4019 | D:5      | 4019 ||| FLEEEEING.
  4020 | D:5      | 4020 ||| FLEEEEING.
  4021 | D:5      | 4021 ||| FLEEEEING.
  4022 | D:5      | 4022 ||| FLEEEEING.
  4023 | D:5      | 4023 ||| FLEEEEING.
  4024 | D:5      | 4024 ||| FLEEEEING.
  4025 | D:5      | 4025 ||| FLEEEEING.
  4028 | D:5      | 4028 ||| FLEEEEING.
  4029 | D:5      | 4029 ||| FLEEEEING.
  4030 | D:5      | 4030 ||| FLEEEEING.
  4031 | D:5      | 4031 ||| FLEEEEING.
  4032 | D:5      | 4032 ||| FLEEEEING.
  4033 | D:5      | 4033 ||| FLEEEEING.
  4036 | D:5      | 4036 ||| FLEEEEING.
  4037 | D:5      | 4037 ||| FLEEEEING.
  4042 | D:5      | 4042 ||| FLEEEEING.
  4043 | D:5      | 4043 ||| FLEEEEING.
  4044 | D:5      | 4044 ||| FLEEEEING.
  4046 | D:5      | 4046 ||| STAIRDANCE
  4050 | D:5      | 4050 ||| STAIRDANCE
  4070 | D:5      | 4070 ||| FLEEEEING.
  4071 | D:5      | 4071 ||| FLEEEEING.
  4072 | D:5      | 4072 ||| FLEEEEING.
  4083 | D:5      | 4083 ||| FLEEEEING.
  4084 | D:5      | 4084 ||| FLEEEEING.
  4085 | D:5      | 4085 ||| FLEEEEING.
  4087 | D:5      | 4087 ||| STAIRDANCE
  4091 | D:5      | 4091 ||| STAIRDANCE
  4185 | Temple   | Entered the Ecumenical Temple
  4196 | Temple   | 4196 ||| PLANNING OKAWARU WORSHIP
  4941 | Temple   | Became a worshipper of Warmaster Okawaru
  4942 | Temple   | 4942 ||| PLANNING D:1-11
  5725 | D:5      | 5725 ||| READING scroll labelled SUJA XU ETEOCKO.
  5726 | D:5      | 5726 ||| READING 3 scrolls of identify.
  5726 | D:5      | 5726 ||| IDENTIFYING black potion
  5727 | D:5      | 5727 ||| READING 2 scrolls of identify.
  5727 | D:5      | 5727 ||| IDENTIFYING lumpy amethyst potion
  5728 | D:5      | 5728 ||| DROPPING potion of brilliance.
  5747 | D:6      | Noticed a vampire mosquito
  5747 | D:6      | Noticed a vampire mosquito
  5747 | D:6      | Noticed a vampire mosquito
  5748 | D:6      | Noticed a vampire mosquito
  5749 | D:6      | Reached skill level 8 in Ranged Weapons
  5749 | D:6      | 5749 ||| STAIRDANCE
  5750 | D:6      | 5750 ||| STAIRDANCE
  5754 | D:5      | HP: 6/59 [orc priest/divine providence (11)]
  5755 | D:5      | 5755 ||| READING 2 scrolls of teleportation.
  5755 | D:5      | HP: 1/59 [sleepcap (5)]
  5756 | D:5      | Slain by an ufetubus

Levels and vault maps discovered:
D:1:      dpeg_arrival_round_a, layout_loops_ring,
          ebering_ecumenical_altar_sacrificial, hangedman_abyss_or_decor_stabs
D:2:      layout_basic
D:3:      layout_loops_cross, trog_butcher_becter, uniq_crazy_yiuf_cottage
D:4:      layout_rooms, fedhas_altar_2, lemuel_blue_sif_altar
D:5:      layout_basic, grunt_gozag_breadcrumbs, lemuel_doored_altar,
          minmay_temple_entry_slanted
D:6:      layout_cave_pods, elyvilon_altar_4, nicolae_overflow_crystal_walls
Temple:   compressed_dpeg_triangle_lava_temple

Skill      XL: |  1  2  3  4  5  6  7 |
---------------+----------------------+-----
Ranged Weapons | 3 4 5 6 7 8 |  8.0
Fighting       | 2 3 4 |  4.0
Armour         | 1 |  1.2
Dodging        | 3 |  3.4
Spellcasting   | |  1.0
Hexes          | |  2.0

Action                     |  1- 3 |  4- 6 |  7- 9 || total
---------------------------+-------+-------+-------++-------
   Fire: Sling             |   106 |    14 |       ||   120
         Shortbow          |       |    87 |    34 ||   121
    Use: Scroll            |     4 |     3 |     4 ||    11
         Potion            |       |     3 |       ||     3
 Armour: Robe              |     6 |       |       ||     6
         Ring mail         |       |     4 |    11 ||    15
  Dodge: Dodged            |    29 |    20 |    22 ||    71

Table legend:
 A = Non-vault XP
 B = Vault XP
 C = Vault XP percentage of total XP
 D = Non-vault monster count
 E = Vault monster count
 F = Vault count percentage of total count
                 A         B        C        D         E       F
            +---------+---------+-------+---------+---------+-------
      Total |    1056 |       8 |   0.8 |      86 |       4 |   4.4
            +---------+---------+-------+---------+---------+-------
        D:1 |      71 |       0 |   0.0 |      27 |       0 |   0.0
        D:2 |      33 |       0 |   0.0 |      14 |       0 |   0.0
        D:3 |      62 |       8 |  11.4 |      15 |       4 |  21.1
        D:4 |     254 |       0 |   0.0 |      15 |       0 |   0.0
        D:5 |     592 |       0 |   0.0 |      13 |       0 |   0.0
        D:6 |      44 |       0 |   0.0 |       2 |       0 |   0.0
            +---------+---------+-------+---------+---------+-------
